 Dungeon Crawl Stone Soup version 0.31-a0-426-g3a05650e59 (webtiles) character file.

Game seed: 18291388202105949981

3834 mopl the Conjurer (level 10, 0/66 HPs)
             Began as an Octopode Brigand on July 30, 2023.
             Was a Follower of Vehumet.
             Succumbed to Maurice's poison
             ... on level 9 of the Dungeon.
             The game lasted 00:09:53 (7492 turns).

mopl the Conjurer (Octopode Brigand)                Turns: 7492, Time: 00:09:54

Health: 0/66       AC:  2    Str: 22    XL:     10   Next: 18%
Magic:  2/19       EV: 19    Int: 17    God:    Vehumet [*.....]
Gold:   0          SH:  0    Dex: 11    Spells: 16/21 levels left

rFire   . . .        a - +1 dagger (protect)
rCold   . . .        (no shield)
rNeg    . . .        D - +1 hat
rPois   .            (no amulet)
rElec   +            x - +5 ring of evasion
rCorr   .            i - +6 ring of strength
SInv    .            y - ring "Onubosu" {rElec Str+6 Dex-4 Slay+6}
Will    .....        (no ring)
Stlth   ++++         (no ring)
HPRegen 0.31/turn    (no ring)
MPRegen 0.16/turn    (no ring)
                     (no ring)

%: no passive effects
@: lethally poisoned (0 -> -5), very slightly contaminated
A: almost no armour, amphibious, 8 rings, camouflage 1, gelatinous body 1,
(nimble swimmer 1), tentacles
a: Renounce Religion


You were on level 9 of the Dungeon.
You worshipped Vehumet.
Vehumet was aware of your devotion.
You visited 2 branches of the dungeon, and saw 10 of its levels.

Inventory:

Hand Weapons
 a - a +1 dagger of protection (weapon)
Missiles
 b - 5 poisoned darts (quivered)
 c - 3 curare-tipped darts
 h - 5 javelins
 w - 5 atropa-tipped darts
 F - 5 boomerangs
Armour
 D - a +1 hat (worn)
Magical Staves
 g - a staff of fire
 G - a staff of earth
Jewellery
 i - a +6 ring of strength (right tentacle)
 x - a +5 ring of evasion (left tentacle)
 y - the ring "Onubosu" (on tentacle) {rElec Str+6 Dex-4 Slay+6}
   (You found it on level 3 of the Dungeon)

   [ring of strength]

   Str:       It affects your strength (+6).
   Dex:       It affects your dexterity (-4).
   Slay:      It affects your accuracy & damage with ranged weapons and melee
   (+6).
   rElec:     It insulates you from electricity.
Talismans
 K - a serpent talisman
Wands
 q - a wand of iceblast (3)
Scrolls
 j - 2 scrolls of blinking {unknown}
 l - 2 scrolls of silence {unknown}
 m - 4 scrolls of identify {unknown}
 p - a scroll of noise {unknown}
 r - a scroll of revelation {unknown}
 t - a scroll of summoning {unknown}
 u - 3 scrolls of vulnerability {unknown}
 v - 2 scrolls of teleportation {unknown}
 A - 3 scrolls of brand weapon {unknown}
 B - 2 scrolls of torment {unknown}
 C - a scroll of amnesia {unknown}
 M - a scroll of immolation {unknown}
Potions
 d - 2 potions of brilliance
 e - a potion of mutation {unknown}
 f - a potion of might {unknown}
 o - a potion of heal wounds {unknown}
 s - a potion of lignification {unknown}
 z - a potion of curing {unknown}
 E - a potion of invisibility {unknown}
 H - a potion of ambrosia {unknown}
 I - 2 potions of magic {unknown}
 J - a potion of enlightenment {unknown}


   Skills:
 + Level 5.4 Fighting
 - Level 2.1 Short Blades
 - Level 2.1 Throwing
 - Level 4.0 Dodging
 - Level 6.0 Stealth
 * Level 6.1 Spellcasting
 * Level 6.7 Conjurations
 * Level 6.7 Fire Magic
 + Level 3.8 Air Magic


You had 16 spell levels left.
You knew the following spells:

 Your Spells              Type           Power      Damage    Failure   Level
c - Arcjolt               Conj/Air       11%        1d21      36%         5

Your spell library contained the following spells:

 Spells                   Type           Power      Damage    Failure   Level
 Freeze                   Ice            20%        1d4       13%         1
 Magic Dart               Conj           100%       1d8       1%          1
 Searing Ray              Conj           56%        2d6       1%          2
 Cigotuvi's Dreadful Rot  Necr/Pois/Air  18%        N/A       12%         2
 Apportation              Tloc           10%        N/A       13%         1
 Slow                     Hex            20%        N/A       13%         1
 Summon Small Mammal      Summ           20%        N/A       13%         1
 Vhi's Electric Charge    Tloc/Air       22%        N/A       17%         3
 Lesser Beckoning         Tloc           10%        N/A       19%         2
 Fulminant Prism          Conj/Hex       8%         3d7       30%         4
 Call Canine Familiar     Summ           5%         N/A       36%         3
 Confusing Touch          Hex            5%         N/A       36%         3
 Gell's Gravitas          Tloc           5%         N/A       36%         3
 Summon Guardian Golem    Hex/Summ       5%         N/A       36%         3
 Teleport Other           Tloc           5%         N/A       36%         3
 Vampiric Draining        Necr           5%         2d6       36%         3
 Dispel Undead            Necr           5%         3d7       77%         4
 Conjure Ball Lightning   Conj/Air       11%        3x3d6     91%         6
 Plasma Beam              Fire/Air       11%        2x1d22    92%         6
 Alistair's Intoxication  Tmut/Pois      3%         N/A       98%         5
 Death Channel            Necr           2%         N/A       100%        6
 Discord                  Hex            2%         N/A       100%        8
 Disjunction              Tloc           2%         N/A       100%        8


Dungeon Overview and Level Annotations

Branches:
Dungeon (9/15)             Temple (1/1) D:5
   Lair: D:8-11         Orc: D:9-12

Altars:
Ashenzari
Cheibriados
Dithmenos
Elyvilon
Fedhas
Gozag
Hepliaklqana
Kikubaaqudgha
Makhleb
Nemelex Xobeh
Okawaru
Ru
Sif Muna
Trog
Uskayaw
Vehumet
Wu Jian
Xom
Yredelemnul
Zin
The Shining One

Annotations:
D:5 3 runed translucent doors, FlatIsJustice's ghost, novice NaFi
D:9 Maurice


Innate Abilities, Weirdness & Mutations

You cannot wear most types of armour.
You are amphibious.
You can wear up to eight rings at the same time.
Your skin changes colour to match your surroundings (Stealth+).
Your rubbery body absorbs attacks. (AC +1, EV +1)
((You are camouflaged when in or above water. (Stealth+)))
You have tentacles for arms and can constrict up to eight enemies at once.


Message History

Something tries to affect you, but you resist.
Casting: Arcjolt (quite dangerous; 36% risk of failure)
Confirm with . or Enter, or press ? or * to list all spells.
The spell is quite dangerous to miscast (36% risk of failure)!
Continue anyway?
You miscast Arcjolt.
Electricity courses through your body. You resist.
You hear a zap.
Something tries to affect you, but you resist.
Casting: Arcjolt (quite dangerous; 36% risk of failure)
Confirm with . or Enter, or press ? or * to list all spells.
The spell is quite dangerous to miscast (36% risk of failure)!
Continue anyway?
Electricity surges outward!
Something is struck by an electric surge!!
You hear a zap.
Something tries to affect you, but you resist.
You closely miss something. Something hits you!
* * * LOW HITPOINT WARNING * * *
Something steals 78 gold pieces!
You now have 0 gold pieces.
Okay, then.
Something hits you.
* * * LOW HITPOINT WARNING * * *
Something grunts, "Curses!"
Aiming: Iceblast
Press: ? - help, Shift-Dir - straight line The mass of ice explodes!
The iceblast engulfs something!
The iceblast engulfs you!
* * * LOW HITPOINT WARNING * * *
You hear a shout! x4; You hear a zap.
Something tries to affect you, but you resist.
Aiming: Iceblast
Press: ? - help, Shift-Dir - straight line
Okay, then.
A poisoned dart appears from out of thin air!
The poisoned dart hits you!
You are lethally poisoned!
Okay, then.
Unknown command.
Aiming: Iceblast
Press: ? - help, Shift-Dir - straight line The mass of ice explodes!
The iceblast engulfs something!
You die...

##.......##
+.........+
#.......).##
...........#
#.......###
#+#...#'#.#
#####...##
#......+
#..@...##
#.......#
+.......#
#.......#
#......###
#......+.#
#####...##.
#+#...#'#.#..
###.......###.#


There were no monsters in sight!

Vanquished Creatures
  A centaur warrior (D:9)
  A wyvern (D:9)
  3 yaks
  A steam dragon (D:7)
  4 water moccasins
  An acid dragon (D:8)
  A sky beast (D:6)
  An ice beast (D:7)
  2 ogres
  5 centaurs
  2 phantoms (D:5)
  Blork the orc (D:4)
  A kobold brigand (D:7)
  3 bullfrogs
  A scorpion (D:7)
  3 killer bees (D:8)
  A howler monkey (D:4)
  2 hounds (D:7)
  2 orc priests
  2 gnoll boudas
  A jelly (D:6)
  A sleepcap (D:6)
  Terence (D:2)
  An iguana (D:5)
  Ijyb (D:4)
  11 gnolls
  7 adders
  2 shadow imps
  A white imp (D:6)
  2 ufetubi
  A worm (D:2)
  7 orcs
  5 ball pythons
  4 endoplasms
  3 giant cockroaches
  7 goblins
  6 hobgoblins
  7 jackals
  3 quokkas
  5 bats
  2 frilled lizards
  14 kobolds
  8 rats
138 creatures vanquished.

Notes
Turn   | Place    | Note
-------+----------+-------------------------------------------
     0 | D:1      | mopl the Octopode Brigand began the quest for the Orb.
     0 | D:1      | Reached XP level 1. HP: 14/14 MP: 1/1
   218 | D:1      | Reached XP level 2. HP: 19/19 MP: 2/2
  1030 | D:2      | Reached XP level 3. HP: 21/24 MP: 3/3
  1106 | D:2      | Noticed Terence
  1117 | D:2      | Killed Terence
  1118 | D:2      | Reached skill level 1 in Fire Magic
  1184 | D:2      | Reached XP level 4. HP: 25/30 MP: 5/5
  1191 | D:2      | Reached skill level 1 in Conjurations
  1299 | D:2      | You fall into a shaft and drop 2 floors!
  1492 | D:4      | Noticed an ogre
  1518 | D:4      | Killed an ogre
  1519 | D:4      | Reached skill level 2 in Dodging
  1519 | D:4      | Reached skill level 1 in Spellcasting
  1519 | D:4      | Reached XP level 5. HP: 35/35 MP: 5/7
  1649 | D:4      | Found an opulent altar of Gozag.
  1649 | D:4      | Noticed Ijyb
  1660 | D:4      | Killed Ijyb
  1708 | D:4      | Reached skill level 6 in Stealth
  1708 | D:4      | Reached skill level 2 in Conjurations
  1708 | D:4      | Reached skill level 2 in Fire Magic
  1766 | D:4      | Learned a level 5 spell: Arcjolt
  1945 | D:4      | Noticed Blork the orc
  1954 | D:4      | Killed Blork the orc
  1955 | D:4      | Reached skill level 2 in Spellcasting
  1955 | D:4      | Reached XP level 6. HP: 16/41 MP: 7/9
  2128 | D:3      | Reached skill level 3 in Fighting
  2482 | D:2      | Found a basalt altar of Yredelemnul.
  3011 | D:3      | Found a snail-covered altar of Cheibriados.
  3042 | D:3      | Found a glowing golden altar of the Shining One.
  3044 | D:3      | Identified the ring "Onubosu" {rElec Str+6 Dex-4 Slay+6}
  3699 | D:5      | Entered Level 5 of the Dungeon
  3796 | D:5      | Found a staircase to the Ecumenical Temple.
  3816 | D:5      | Reached XP level 7. HP: 46/46 MP: 10/10
  3819 | Temple   | Entered the Ecumenical Temple
  3841 | Temple   | Became a worshipper of Vehumet
  3912 | D:5      | Reached skill level 3 in Conjurations
  3912 | D:5      | Reached skill level 3 in Fire Magic
  4090 | D:5      | Reached skill level 3 in Dodging
  4090 | D:5      | Reached skill level 3 in Spellcasting
  4096 | D:5      | Found a runed translucent gate.
  4096 | D:5      | Found a runed translucent gate.
  4096 | D:5      | Found a runed translucent gate.
  4553 | D:5      | Noticed FlatIsJustice's ghost (novice NaFi)
  4659 | D:6      | Reached XP level 8. HP: 54/54 MP: 13/13
  4704 | D:6      | Reached skill level 1 in Air Magic
  4706 | D:6      | Reached skill level 4 in Conjurations
  4706 | D:6      | Reached skill level 4 in Fire Magic
  4710 | D:6      | Reached * piety under Vehumet
  4710 | D:6      | Offered knowledge of Freeze by Vehumet.
  4789 | D:6      | Reached skill level 4 in Fighting
  4789 | D:6      | Reached skill level 4 in Spellcasting
  5426 | D:7      | Found a broken altar of Ashenzari.
  5535 | D:7      | Found a shadowy altar of Dithmenos.
  5581 | D:7      | Reached skill level 2 in Air Magic
  5624 | D:7      | Reached skill level 5 in Conjurations
  5624 | D:7      | Reached XP level 9. HP: 48/58 MP: 15/15
  5660 | D:7      | Reached skill level 5 in Fire Magic
  5696 | D:7      | Reached skill level 4 in Dodging
  5880 | D:7      | Reached skill level 5 in Spellcasting
  6607 | D:7      | Reached skill level 3 in Air Magic
  6610 | D:7      | Reached skill level 5 in Fighting
  6610 | D:7      | Reached skill level 6 in Conjurations
  6610 | D:7      | Reached skill level 6 in Fire Magic
  7431 | D:9      | Noticed a centaur warrior
  7438 | D:9      | Killed a centaur warrior
  7439 | D:9      | Reached skill level 6 in Spellcasting
  7439 | D:9      | Reached XP level 10. HP: 65/66 MP: 17/19
  7461 | D:9      | Noticed Maurice
  7490 | D:9      | HP: 1/66 [shot self (15)]
  7492 | D:9      | Succumbed to Maurice's poison

Illustrated notes

Levels and vault maps discovered:
D:1:      psy_arrival_radial01, layout_basic, nicolae_hexahallways,
          minmay_fountain_box
D:2:      layout_loops_corners, basic_altar, uniq_terence
D:3:      layout_loops_ring, cheibriados_altar_1,
          nicolae_tso_swordbearing_angel, nrook_uturn
D:4:      layout_loops_ring, amcnicky_altar_gilded, uniq_ijyb,
          uniq_blork_the_orc
D:5:      layout_loops_corners, temple_fountains, gammafunk_ghost_icy,
          reono_crystal_passage
D:6:      layout_loops_ring, st_stairs_11
D:7:      layout_loops_corners, mainiacjoe_overflow_paths,
          mainiacjoe_overflow_boulevard
D:8:      layout_loops_cross, dreamdust_gnoll_shepherd
D:9:      nicolae_cairo_tiling_very_big, layout_loops_ring,
          small_chamber_with_monster, uniq_maurice
Temple:   regret_index_temple_sphere_string

Skill      XL: |  1  2  3  4  5  6  7  8  9 |
---------------+----------------------------+-----
Fire Magic     | 1 2 3 4 6 |  6.7
Conjurations   | 1 2 3 5 6 |  6.7
Dodging        | 2 3 4 |  4.0
Spellcasting   | 1 2 3 4 6 |  6.1
Stealth        | 6 |  6.0
Fighting       | 3 4 5 |  5.4
Air Magic      | 2 3 |  3.8
Short Blades   | |  2.1
Throwing       | |  2.1

Action                     |  1- 3 |  4- 6 |  7- 9 | 10-12 || total
---------------------------+-------+-------+-------+-------++-------
  Melee: Dagger            |    42 |    98 |   149 |    13 ||   302
         Constrict         |     8 |    19 |    29 |       ||    56
         Tentacles         |     7 |    20 |    34 |     2 ||    63
         Punch             |       |     2 |     1 |       ||     3
  Throw: Dart              |       |     7 |    11 |       ||    18
   Cast: Arcjolt           |       |       |       |     2 ||     2
Ability: Begin Untransform |       |       |     1 |       ||     1
  Evoke: Wand              |       |       |     2 |     2 ||     4
    Use: Potion            |       |       |     1 |       ||     1
   Stab: Sleeping          |     6 |    23 |    15 |       ||    44
         Distracted        |       |     1 |       |     1 ||     2
 Armour: Skin              |     5 |     4 |    29 |     5 ||    43
  Dodge: Dodged            |    16 |    44 |   116 |    17 ||   193
   Form: Storm             |       |       |     1 |       ||     1

Table legend: (Time is in decaauts)
 A = Elapsed time spent in this place.
 B = Non-inter-level travel time spent in this place.
 C = Inter-level travel time spent in this place.
 D = Time resting spent in this place.
 E = Time spent auto-exploring this place.
 F = Levels seen in this place.
 G = Mean time per level.
                   A        B        C        D        E       F      G
               +--------+--------+--------+--------+--------+-----+--------+
         Total |   7455 |   7098 |    357 |    827 |   5189 |  10 |  745.5 |
       Dungeon |   7410 |   7097 |    313 |    827 |   5189 |   9 |  823.3 |
        Temple |     44 |      1 |     43 |      0 |      0 |   1 |   44.0 |
               +--------+--------+--------+--------+--------+-----+--------+

Top non-repeatable levels by time:
     D:7: 1207 daAuts
     D:2: 1030 daAuts
     D:1: 986 daAuts
     D:3: 954 daAuts
     D:5: 898 daAuts
     D:8: 827 daAuts
     D:6: 720 daAuts
     D:4: 710 daAuts
     D:9: 74 daAuts
  Temple: 44 daAuts
